 Dungeon Crawl Stone Soup version 0.25-a0-578-gc91f01c39c (webtiles) character file.

Game seed: 10655608785392925590, levelgen mode: classic

46428 EnegeticOcto the Champion of Chaos (level 14, -3/136 HPs)
             Began as a Deep Dwarf Fighter on Mar 6, 2020.
             Was the Champion of Makhleb.
             Slain by a tarantella (12 damage)
             ... on level 1 of the Spider Nest.
             The game lasted 00:09:17 (10330 turns).

EnegeticOcto the Champion of Chaos (DDFi)          Turns: 10330, Time: 00:09:18

Health: -3/136     AC: 16    Str: 25    XL:     14   Next: 4%
Magic:  4/4        EV:  3    Int:  9    God:    Makhleb [******]
Gold:   4392       SH:  0    Dex: 12    Spells: 13/13 levels left

rFire    + + .     SeeInvis .   B - +3 broad axe (elec)
rCold    + . .     Gourm    .   K - +0 tower shield
rNeg     + . .     Faith    .   J - +2 chain mail {rPois}
rPois    +         Spirit   .   i - +0 helmet
rElec    +         Reflect  .   a - scarf {rC+ rF+}
rCorr    .         Harm     .   (no gloves)
MR       +++..                  E - +0 pair of boots
Stlth    ..........             (no amulet)
HPRegen  0.00/turn              D - ring "Selaem" {rElec rF+ MR+, =R}
MPRegen  0.09/turn              r - +2 ring of slaying

@: held, non-regenerating
A: damage resistance, heal wounds, negative energy resistance 1, sense
surroundings 2, no regeneration
a: Heal Wounds, Minor Destruction, Lesser Servant of Makhleb, Major Destruction,
Greater Servant of Makhleb, Renounce Religion


You were on level 1 of the Spider Nest.
You worshipped Makhleb.
Makhleb was exalted by your worship.
You were not hungry.

You visited 4 branches of the dungeon, and saw 21 of its levels.

You collected 4944 gold pieces.
You spent 552 gold pieces at shops.

Inventory:

Hand Weapons
 B - a +3 broad axe of electrocution (weapon)
Missiles
 F - 3 throwing nets (quivered)
Armour
 a - a scarf of resistance (worn)
 i - a +0 helmet (worn)
 E - a +0 pair of boots (worn)
 J - a +2 chain mail of poison resistance (worn)
 K - a +0 tower shield (worn)
Jewellery
 l - an uncursed ring of resist corrosion
 r - a +2 ring of slaying (right hand)
 D - the ring "Selaem" (left hand) {rElec rF+ MR+, =R}
   (You bought it in a shop on level 10 of the Dungeon)

   [ring of protection from magic]

   It protects you from fire.
   It insulates you from electricity.
   It affects your resistance to hostile enchantments.
Wands
 h - a wand of scattershot (6)
 v - a wand of paralysis (6)
 A - a wand of acid (12) {@v1}
Scrolls
 d - 4 scrolls of teleportation {@r2}
 o - a scroll of immolation {@r4}
 s - 11 scrolls of remove curse {@r6}
 t - 2 scrolls of fear
 u - 2 scrolls of blinking {@r3}
 I - 2 scrolls of magic mapping {@r5}
Potions
 b - 3 potions of mutation
 f - 3 potions of curing {@q1}
 g - 2 potions of berserk rage
 j - 2 potions of stabbing {@q5}
 k - 2 potions of might {@q3}
 m - a potion of cancellation
 n - a potion of haste {@q4}
 p - 6 potions of flight
 q - 3 potions of resistance {unknown}
 w - 2 potions of lignification {unknown}
 x - 4 potions of magic
 C - 3 potions of heal wounds {@q2}
 H - a potion of brilliance {unknown}
Comestibles
 c - 3 chunks of flesh
 e - 28 rations


   Skills:
 * Level 11.7 Fighting
 * Level 13.4 Axes
 + Level 10.2 Armour
 * Level 11.1 Shields
 * Level 14.6 Invocations


You had 13 spell levels left.
You didn't know any spells.
Your spell library was empty.

Dungeon Overview and Level Annotations

Branches:
Dungeon (13/15)            Temple (1/1) D:4            Lair (6/6) D:8
 Shoals (0/4) Lair:2       Spider (1/4) Lair:3        Slime (0/5) Lair:6
    Orc (0/2) D:10         Vaults (0/5) D:13

Altars:
Fedhas
Makhleb
Nemelex Xobeh
Qazlal
Ru
Trog
Uskayaw
Xom
The Shining One

Shops:
D:8 =   D:10 =

Annotations:
D:10 Maurice


Innate Abilities, Weirdness & Mutations

You are resistant to damage.
You can heal yourself by infusing magical energy.
You resist negative energy. (rN+)
You passively map the area around you.
You do not regenerate.


Message History

The wolf spider hits you.
The wolf spider bites you but does no damage.
You completely miss the tarantella.
The tarantella is heavily wounded.
You slice the wolf spider!!
You hit the wolf spider but do no damage.
Lightning courses through the wolf spider!
You slash the redback! You hit the tarantella.
You closely miss the jumping spider.
Your shield and chain mail prevent you from hitting the wolf spider.
You feel sick. The tarantella bites you!
The jumping spider pounces on your hellwing!
The jumping spider bites your hellwing but does no damage.
The tarantella bites you.
You are confused.
The wolf spider hits you but does no damage.
The wolf spider bites you but does no damage.
The jumping spider pounces on you!
You are caught in a web!
The jumping spider bites you but does no damage.
The wolf spider hits you!
The wolf spider bites you but does no damage.
The wolf spider hits you. The wolf spider bites you!
You are more poisoned.
The wolf spider poisons you! The tarantella bites you! The redback bites you.
The jumping spider pounces on your hellwing.
The jumping spider bites your hellwing but does no damage.
Your hellwing hits the wolf spider. x2; The wolf spider hits you.
The wolf spider bites you.
Your hellwing hits the jumping spider.
Your hellwing hits the jumping spider but does no damage.
The jumping spider pounces on you. The jumping spider bites you.
You are too injured to fight recklessly!
You are too injured to fight recklessly!
You are too injured to fight recklessly!
You are too injured to fight recklessly!
You are too injured to fight recklessly!
You are too injured to fight recklessly!
You are too injured to fight recklessly!
You are too injured to fight recklessly!
You are too injured to fight recklessly!
You are too injured to fight recklessly!
You are too injured to fight recklessly!
You feel better.
The wolf spider hits you but does no damage.
The wolf spider bites you but does no damage.
The wolf spider hits you.
The wolf spider bites you but does no damage.
The wolf spider hits you but does no damage.
The wolf spider bites you. The tarantella bites you! The redback bites you.
You are poisoned.
The redback poisons you!
The jumping spider leaps!
The wolf spider hits you!
* * * LOW HITPOINT WARNING * * *
The wolf spider bites you!
* * * LOW HITPOINT WARNING * * *
You are more poisoned.
The wolf spider poisons you! The jumping spider pounces on you.
* * * LOW HITPOINT WARNING * * *
You are even more entangled.
The jumping spider bites you but does no damage.
The wolf spider hits you!
* * * LOW HITPOINT WARNING * * *
The wolf spider bites you but does no damage.
Your hellwing closely misses the wolf spider. x2
The wolf spider hits you.
The wolf spider bites you but does no damage.
The wolf spider barely misses you.
The wolf spider bites you but does no damage.
Your hellwing hits the jumping spider!
Your hellwing closely misses the jumping spider.
The tarantella bites you but does no damage.
You feel much better.
* * * LOW HITPOINT WARNING * * *
You feel very sick. The redback bites you.
* * * LOW HITPOINT WARNING * * *
The redback bites you but does no damage.
The wolf spider hits you.
The wolf spider bites you but does no damage.
The jumping spider leaps!
The wolf spider hits you!
* * * LOW HITPOINT WARNING * * *
The wolf spider bites you. The wolf spider hits you.
* * * LOW HITPOINT WARNING * * *
The wolf spider bites you.
* * * LOW HITPOINT WARNING * * *
The tarantella bites you.
* * * LOW HITPOINT WARNING * * *
Your hellwing barely misses the wolf spider.
Your hellwing hits the wolf spider but does no damage.
The wolf spider completely misses you.
The wolf spider bites you but does no damage.
Your hellwing closely misses the redback.
Your hellwing hits the redback but does no damage.
You feel better.
The wolf spider hits you but does no damage.
The wolf spider bites you but does no damage.
The wolf spider hits you!
* * * LOW HITPOINT WARNING * * *
The wolf spider bites you.
The redback bites you but does no damage.
The tarantella bites you!
You die...

, , , , , , , , ,
,
,...............,
,, , ,,
.s.........^... ,
, ^..............
, ,
,,.>.............
, ,, , ,
,,.............^.
^ ,
......44.^..... ,
,, ...%..sss......
,, * ,
......s@ss....., ,
......sss......
,.......s..s....,
, ,
............s.., ,
,,...............
, , ,,
...............,,,
, ...........$...
, ,
............... ,
, , , , ,


You could see a demonic crawler, 4 wolf spiders, an orb spider, 2 jumping
spiders, 3 tarantellas, 2 redbacks and 2 friendly hellwings.

Vanquished Creatures
  Frances (D:13)
  Azrael (D:13)
  Josephine (D:10)
  8 vault guards (D:13)
  4 hydras
  3 two-headed ogres
  Urug (Lair:3)
  4 unseen horrors
  Pikel (D:8)
  2 ugly things
  A cyclops (D:12)
  6 elephants (Lair:4)
  Joseph (D:8)
  11 spiny frogs
  2 centaur skeletons
  A gargoyle (D:12)
  A kobold demonologist (D:13)
  4 komodo dragons
  2 trolls
  Prince Ribbit (D:7)
  2 tyrant leeches (Lair:6)
  2 slime creatures (Lair:6)
  20 blink frogs
  6 hippogriffs
  3 dream sheep (Lair:5)
  A shadow (D:12)
  3 wraiths (D:10)
  A spriggan (D:11)
  A human (shapeshifter) (D:13)
  Eustachio (D:6)
  19 yaks
  A fire elemental (D:13)
  A basilisk (Lair:3)
  2 wyverns
  3 vampire mosquitoes (Lair:6)
  An acid dragon (D:13)
  3 hell hounds (D:13)
  6 water moccasins
  Duvessa (D:7)
  2 orc warriors (D:13)
  6 porcupines
  12 ice beasts
  A sky beast (D:12)
  3 black bears
  2 necrophages
  3 phantoms
  3 ogres
  5 centaurs
  15 bullfrogs
  3 big kobolds
  11 crocodiles
  A wyvern zombie (D:9)
  3 gnoll sergeants
  Dowan (D:7)
  5 scorpions
  10 killer bees
  6 wights
  2 howler monkeys (D:11)
  An electric eel (Lair:6)
  6 crimson imps
  3 quasits
  7 hounds
  3 orc priests
  4 jellies
  16 orc wizards
  Terence (D:3)
  3 iguanas
  10 worker ants
  3 hound skeletons
  A worker ant zombie (D:7)
  Robin (D:3)
  13 gnolls
  6 adders
  4 shadow imps
  An ooze (D:5)
  2 adder zombies
  2 worms
  2 leopard geckos
  40 orcs
  A bat (D:7)
  4 giant cockroaches
  9 goblins
  2 hobgoblins
  3 jackals (D:9)
  9 quokkas
  A frilled lizard (D:4)
  15 kobolds
  A leopard gecko skeleton (D:9)
  3 fungi
  5 plants
409 creatures vanquished.

Vanquished Creatures (collateral kills)
  A wolf spider (Spider:1)
  A blink frog (Lair:5)
  A dream sheep (Lair:5)
  A yak (Lair:5)
4 creatures vanquished.

Vanquished Creatures (others)
  2 fungi (Lair:6)
  9 plants (Lair:6)
11 creatures vanquished.

Grand Total: 424 creatures vanquished

Notes
Turn   | Place    | Note
-------+----------+-------------------------------------------
     0 | D:1      | EnegeticOcto the Deep Dwarf Fighter began the quest for the
                  | Orb.
     0 | D:1      | Reached XP level 1. HP: 20/20 MP: 1/1
   135 | D:3      | Noticed Robin
   137 | D:3      | Reached XP level 2. HP: 25/27 MP: 2/2
   152 | D:3      | Killed Robin
   190 | D:3      | Noticed Terence
   206 | D:3      | Killed Terence
   206 | D:3      | Reached XP level 3. HP: 27/34 MP: 3/3
   406 | D:3      | Reached XP level 4. HP: 33/42 MP: 4/4
   433 | D:4      | Reached XP level 5. HP: 33/50 MP: 5/5
   501 | D:4      | Noticed an ice beast
   524 | D:4      | HP: 1/50 [ice beast (11)]
   539 | D:4      | Killed an ice beast
   539 | D:4      | Reached XP level 6. HP: 57/57 MP: 3/3
   745 | D:4      | Found a staircase to the Ecumenical Temple.
   859 | Temple   | Entered the Ecumenical Temple
   874 | Temple   | Became a worshipper of Makhleb the Destroyer
  1011 | D:4      | Reached skill level 5 in Axes
  1319 | D:5      | Entered Level 5 of the Dungeon
  1327 | D:5      | Reached skill level 1 in Invocations
  1327 | D:5      | Reached XP level 7. HP: 27/66 MP: 2/4
  1386 | D:5      | Reached skill level 2 in Invocations
  1470 | D:5      | Reached skill level 5 in Fighting
  1579 | D:5      | Reached skill level 5 in Armour
  1579 | D:5      | Reached skill level 5 in Shields
  1579 | D:5      | Reached skill level 3 in Invocations
  1623 | D:5      | Reached XP level 8. HP: 36/74 MP: 6/6
  1626 | D:5      | Reached * piety under Makhleb
  1760 | D:5      | Reached skill level 4 in Invocations
  2083 | D:6      | Noticed Eustachio
  2132 | D:6      | Killed Eustachio
  2153 | D:6      | Reached skill level 5 in Invocations
  2227 | D:6      | Found a hide-covered altar of Uskayaw.
  2230 | D:6      | Found a bloodstained altar of Trog.
  2785 | D:7      | Reached skill level 6 in Invocations
  2785 | D:7      | Gained mutation: You passively map the area around you.
                  | [Deep Dwarf growth]
  2785 | D:7      | Reached XP level 9. HP: 45/84 MP: 9/9
  2945 | D:7      | Noticed Duvessa
  2945 | D:7      | Noticed Dowan
  2953 | D:7      | Killed Duvessa
  2955 | D:7      | Killed Dowan
  3124 | D:7      | Found a sacrificial altar of Ru.
  3128 | D:7      | Reached ** piety under Makhleb
  3161 | D:7      | Noticed Prince Ribbit
  3176 | D:7      | Killed Prince Ribbit
  3176 | D:7      | Reached skill level 7 in Invocations
  3505 | D:8      | Found Mifesomo's Jewellery Emporium.
  3623 | D:8      | Noticed Pikel
  3632 | D:8      | Killed Pikel
  3632 | D:8      | Reached skill level 8 in Invocations
  3632 | D:8      | Reached XP level 10. HP: 62/94 MP: 9/11
  3675 | D:8      | Noticed Joseph
  3680 | D:8      | Found a glowing golden altar of the Shining One.
  3692 | D:8      | Killed Joseph
  3696 | D:8      | Found a staircase to the Lair.
  4160 | D:9      | Noticed a two-headed ogre
  4173 | D:9      | Killed a two-headed ogre
  4173 | D:9      | Reached skill level 9 in Invocations
  4557 | D:10     | Entered Level 10 of the Dungeon
  4628 | D:10     | Reached *** piety under Makhleb
  4731 | D:10     | Killed an unseen horror
  4762 | D:10     | Noticed Josephine
  4782 | D:10     | Killed Josephine
  4794 | D:10     | Reached skill level 10 in Invocations
  4994 | D:10     | Found a staircase to the Orcish Mines.
  5138 | D:10     | Killed an unseen horror
  5138 | D:10     | Reached XP level 11. HP: 63/104 MP: 11/11
  5156 | D:10     | Found Kiwniog's Jewellery Shoppe.
  5318 | D:10     | Noticed Maurice
  5750 | D:11     | Noticed a cyan ugly thing
  5765 | D:11     | Reached skill level 10 in Axes
  5787 | D:11     | Killed a cyan ugly thing
  5852 | D:11     | Noticed a two-headed ogre
  5874 | D:11     | Killed a two-headed ogre
  6026 | D:11     | Killed an unseen horror
  6059 | D:11     | Identified a scroll of acquirement
  6090 | D:10     | Bought the ring "Selaem" {rElec rF+ MR+} for 552 gold
                  | pieces
  6180 | D:11     | Reached **** piety under Makhleb
  6180 | D:11     | Reached skill level 11 in Invocations
  6381 | D:12     | Noticed a white ugly thing
  6396 | D:12     | Killed a white ugly thing
  6704 | D:12     | Noticed a two-headed ogre
  6710 | D:12     | Killed a two-headed ogre
  7025 | D:12     | Reached ***** piety under Makhleb
  7129 | D:13     | Reached XP level 12. HP: 100/116 MP: 12/12
  7385 | D:13     | Found a gate to the Vaults.
  7385 | D:13     | Noticed a vault guard
  7385 | D:13     | Noticed a vault guard
  7385 | D:13     | Noticed a vault guard
  7385 | D:13     | Noticed a vault guard
  7385 | D:13     | Noticed a vault guard
  7385 | D:13     | Noticed a vault guard
  7386 | D:13     | Noticed a vault guard
  7386 | D:13     | Noticed a vault guard
  7408 | D:13     | Killed a vault guard
  7431 | D:13     | Killed a vault guard
  7431 | D:13     | Reached skill level 12 in Invocations
  7462 | D:13     | Killed a vault guard
  7462 | D:13     | Reached skill level 10 in Fighting
  7492 | D:13     | Killed a vault guard
  7505 | D:13     | Killed a vault guard
  7520 | D:13     | Killed a vault guard
  7533 | D:13     | Killed a vault guard
  7547 | D:13     | Killed a vault guard
  7587 | D:13     | Noticed Frances
  7664 | D:13     | Killed Frances
  7716 | D:13     | Noticed Azrael
  7738 | D:13     | Killed Azrael
  7738 | D:13     | Reached skill level 13 in Invocations
  7976 | D:13     | Identified the +1 pair of gloves "Laig" {rN+ MR++ Str-5}
                  | (You acquired it on level 13 of the Dungeon)
  8094 | Lair:1   | Entered Level 1 of the Lair of Beasts
  8245 | Lair:2   | Reached XP level 13. HP: 75/124 MP: 5/5
  8372 | Lair:2   | Found a staircase to the Shoals.
  9222 | Lair:3   | Reached skill level 10 in Shields
  9310 | Lair:3   | Noticed Urug
  9319 | Lair:3   | Killed Urug
  9371 | Lair:3   | Found a hole to the Spider Nest.
  9379 | Lair:3   | Reached ****** piety under Makhleb
  9892 | Lair:5   | Reached skill level 14 in Invocations
  9973 | Lair:5   | You fall into a shaft and drop 1 floor!
  9973 | Lair:6   | Entered Level 6 of the Lair of Beasts
  9973 | Lair:6   | Found a staircase to the Slime Pits.
 10000 | Lair:6   | Reached skill level 10 in Armour
 10235 | Lair:5   | Gained mutation: You resist negative energy. (rN+) [Deep
                  | Dwarf growth]
 10235 | Lair:5   | Reached XP level 14. HP: 136/136 MP: 4/4
 10321 | Spider:1 | Entered Level 1 of the Spider Nest
 10330 | Spider:1 | Slain by a tarantella

Levels and vault maps discovered:
D:1:      matt_arrival_spirals, layout_basic, nicolae_ashenzari_panopticon
D:2:      layout_loops_ring, first_ration, serial_forest,
          infiniplex_forest_straight_3, infiniplex_forest_lined_corner,
          infiniplex_forest_clump_tiny, infiniplex_forest_lined_room_3,
          infiniplex_forest_diagonal, infiniplex_forest_clump_small,
          grunt_dithmenos_smoke
D:3:      layout_basic, lemuel_doored_altar, portal_sewer_entry_e, uniq_terence,
          uniq_sigmund, uniq_robin
D:4:      layout_loops_ring, minmay_temple_entry_proselytizer,
          grunt_decor_clamped
D:5:      layout_rooms, serial_corexii_hall, corexii_hall_statues_l,
          chequers_hall_statues_corner_a, corexii_hall_statues_i,
          chequers_hall_statues_wall_a
D:6:      layout_cave_pools, grunt_temple_overflow_open,
          kennysheep_generic_room_10, uniq_eustachio
D:7:      layout_basic, nicolae_ru_great_annihilating_truth,
          minmay_joined_circles, uniq_prince_ribbit1, uniq_duvessa
D:8:      layout_rooms, lemuel_round_altar, lair_entry_dummy, serial_shops,
          shop, uniq_joseph, uniq_pikel
D:9:      layout_basic
D:10:     layout_stronghold, orc_0_dummy, serial_shops, shop, uniq_maurice,
          uniq_josephine
D:11:     layout_rooms, grunt_pizzeria
D:12:     layout_basic
D:13:     layout_rooms, erik_vaults_2, portal_ice_cave_entry_ice_beasts,
          uniq_frances, uniq_azrael
Temple:   eino_temple_scatter_basement
Lair:1:   layout_cave_pods, minmay_holes, st_stairs_3,
          infiniplex_staircase_pool, lemuel_fruit_tree
Lair:2:   layout_cave_pods, shoals_dummy_entry
Lair:3:   layout_layer_cave, dummy_spider_entry, chequers_serial_rivers_large_a,
          uniq_urug
Lair:4:   layout_roguey, minivault_26, grunt_megastairs_3
Lair:5:   layout_regular_city, serial_bayou_ford_a
Lair:6:   minmay_lair_end_frog_pond, layout_loops_ring,
          minmay_slime_entry_pillars
Spider:1: nicolae_spider_mines_1

Skill      XL: |  1  2  3  4  5  6  7  8  9 10 11 12 13 |
---------------+----------------------------------------+-----
Fighting       | 3 4 5 6 7 8 9 10 11 | 11.7
Axes           | 3 4 5 7 8 9 11 12 13 | 13.4
Armour         | 4 5 6 7 8 9 10 | 10.2
Shields        | 4 5 6 7 8 9 11 | 11.1
Invocations    | 1 3 6 8 10 11 13 14 | 14.6

Action                   |  1- 3 |  4- 6 |  7- 9 | 10-12 | 13-15 || total
-------------------------+-------+-------+-------+-------+-------++-------
Melee: War axe           |    79 |   151 |   409 |   668 |       ||  1307
       Broad axe         |       |       |       |   160 |   324 ||   484
Invok: Lesser Servant of |       |       |       |       |     5 ||     5
 Abil: Heal Wounds       |     1 |     6 |    12 |    52 |     4 ||    75
  Use: Scroll            |       |       |    15 |    10 |       ||    25
       Potion            |       |       |       |       |     2 ||     2
 Stab: Paralysed         |       |       |     1 |       |       ||     1
       Distracted        |       |       |       |       |     2 ||     2
  Eat: Chunk             |       |     2 |     8 |    11 |     7 ||    28
       Ration            |       |       |       |     2 |       ||     2
Armor: Scale mail        |    19 |       |       |       |       ||    19
       Chain mail        |    16 |   114 |   170 |   603 |   148 ||  1051
       Plate armour      |       |       |    89 |       |       ||    89
Dodge: Dodged            |    17 |    34 |    85 |   208 |    69 ||   413
Block: Kite shield       |    41 |    91 |   259 |   410 |       ||   801
       Tower shield      |       |       |       |   192 |   346 ||   538

Table legend:
 A = Non-vault XP
 B = Vault XP
 C = Vault XP percentage of total XP
 D = Non-vault monster count
 E = Vault monster count
 F = Vault count percentage of total count
                 A         B        C        D         E       F
            +---------+---------+-------+---------+---------+-------
      Total |   39573 |   26754 |  40.3 |     322 |      83 |  20.5
            +---------+---------+-------+---------+---------+-------
        D:1 |       3 |       0 |   0.0 |       2 |       0 |   0.0
        D:2 |       7 |       0 |   0.0 |       2 |       0 |   0.0
        D:3 |      26 |      62 |  70.5 |       8 |       8 |  50.0
        D:4 |     583 |      41 |   6.6 |      26 |       1 |   3.7
        D:5 |     938 |       0 |   0.0 |      27 |       0 |   0.0
        D:6 |     658 |     202 |  23.5 |      15 |       1 |   6.2
        D:7 |     898 |     908 |  50.3 |      21 |      13 |  38.2
        D:8 |     858 |    1139 |  57.0 |      11 |       2 |  15.4
        D:9 |    1504 |       0 |   0.0 |      22 |       0 |   0.0
       D:10 |    2300 |    1702 |  42.5 |      18 |       4 |  18.2
       D:11 |    4627 |     211 |   4.4 |      30 |       1 |   3.2
       D:12 |    3758 |       0 |   0.0 |      28 |       0 |   0.0
       D:13 |    3565 |   12957 |  78.4 |      32 |      22 |  40.7
     Lair:1 |     842 |     137 |  14.0 |       5 |       1 |  16.7
     Lair:2 |    2853 |       0 |   0.0 |      13 |       0 |   0.0
     Lair:3 |    3963 |     827 |  17.3 |      18 |       1 |   5.3
     Lair:4 |    2765 |    3150 |  53.3 |      13 |       7 |  35.0
     Lair:5 |    6074 |       0 |   0.0 |      19 |       0 |   0.0
     Lair:6 |    2937 |    5418 |  64.8 |      11 |      22 |  66.7
   Spider:1 |     414 |       0 |   0.0 |       1 |       0 |   0.0
            +---------+---------+-------+---------+---------+-------
